 Dungeon Crawl Stone Soup version 0.27.1 (webtiles) character file.

Game seed: 12497339877507888999

870 BOMJPIETVODKU the Firebug (level 7, 0/50 HPs)
             Began as a Pale Draconian Fire Elementalist on Aug 23, 2021.
             Was an Initiate of Vehumet.
             Slain by a river rat (3 damage)
             ... on level 6 of the Dungeon.
             The game lasted 00:13:02 (5995 turns).

BOMJPIETVODKU the Firebug (DrFE)                    Turns: 5995, Time: 00:13:03

Health: 0/50       AC: 10    Str: 10    XL:     7   Next: 73%
Magic:  8/14       EV: 12    Int: 17    God:    Vehumet [......]
Gold:   204        SH:  0    Dex: 12    Spells: 15/16 levels left

rFire    + . .     SeeInvis .   g - +2 dagger (venom)
rCold    . . .     Faith    .   (no shield)
rNeg     . . .     Spirit   .   (armour unavailable)
rPois    .         Reflect  .   h - +1 hat
rElec    .         Harm     .   q - +2 cloak
rCorr    .         Rampage  .   (no gloves)
Will     .....                  (no boots)
Stlth    ++........             (no amulet)
HPRegen  0.16/turn              k - ring of protection from fire
MPRegen  0.14/turn              (no ring)

@: mighty, flying
A: breathe steam, AC +6, unfitting armour, cold-blooded, steam resistance
a: Breathe Steam, Renounce Religion


You were on level 6 of the Dungeon.
You worshipped Vehumet.
Vehumet was noncommittal.
You visited 2 branches of the dungeon, and saw 7 of its levels.

You collected 204 gold pieces.

Inventory:

Hand Weapons
 a - a +2 dagger of freezing
 g - a +2 dagger of venom (weapon)
Missiles
 n - 2 throwing nets
Armour
 h - a +1 hat (worn)
 q - a +2 cloak (worn)
Jewellery
 k - a ring of protection from fire (left hand)
Wands
 d - a wand of paralysis (7)
 i - a wand of flame (16)
Scrolls
 l - a scroll of identify
Potions
 b - a potion of might
 c - a potion of lignification {unknown}
 e - a potion of attraction {unknown}
 f - 2 potions of magic
 j - a potion of curing
 m - a potion of brilliance {unknown}
 o - 3 potions of resistance {unknown}
 p - a potion of flight


   Skills:
 - Level 1.9 Dodging
 - Level 1.7 Stealth
 + Level 5.1 Spellcasting
 - Level 3.5 Conjurations
 * Level 7.4 Fire Magic


You had 15 spell levels left.
You knew the following spells:

 Your Spells              Type           Power      Damage    Failure   Level
a - Foxfire               Conj/Fire      92%        2x1d8     1%          1

Your spell library contained the following spells:

 Spells                   Type           Power      Damage    Failure   Level
 Conjure Flame            Conj/Fire      23%        6-21      4%          3
 Inner Flame              Hex/Fire       17%        N/A       9%          3
 Sticky Flame             Conj/Fire      23%        2d4       14%         4
 Fireball                 Conj/Fire      11%        3d7       38%         5


Dungeon Overview and Level Annotations

Branches:
Dungeon (6/15)             Temple (1/1) D:4

Altars:
Ashenzari
Dithmenos
Elyvilon
Fedhas
Gozag
Hepliaklqana
Kikubaaqudgha
Makhleb
Okawaru
Qazlal
Ru
Trog
Vehumet
Xom
Yredelemnul
Zin
The Shining One

Annotations:
D:6 MacCMillion's ghost, amateur MfIE


Innate Abilities, Weirdness & Mutations

You can breathe blasts of scalding, opaque steam.
Your pale cyan-grey scales are hard. (AC +6)
You cannot fit into any form of body armour.
You are cold-blooded and may be slowed by cold attacks.
You are immune to the effects of steam.


Message History

The bullfrog hits you but does no damage.
The bullfrog hits you.
MacCMillion's ghost hits you but does no damage.
The worm bites you. The bullfrog closely misses you.
You closely miss the bullfrog.
The bullfrog is severely wounded.
MacCMillion's ghost freezes you.
You are frozen.
The bullfrog hits you. The worm bites you.
* * * LOW HITPOINT WARNING * * *
MacCMillion's ghost hits you.
* * * LOW HITPOINT WARNING * * *
The bullfrog hits you but does no damage.
The bullfrog barely misses you. The worm barely misses you.
The bullfrog hits you but does no damage.
MacCMillion's ghost hits you.
* * * LOW HITPOINT WARNING * * *
Casting: Foxfire (safe; 1% risk of failure)
Confirm with . or Enter, or press ? or * to list all spells.
You conjure some foxfire!
The bullfrog closely misses you. The bullfrog hits you.
* * * LOW HITPOINT WARNING * * *
MacCMillion's ghost hits you but does no damage.
The bullfrog hits you.
* * * LOW HITPOINT WARNING * * *
The river rat bites you.
* * * LOW HITPOINT WARNING * * *
You feel yourself speed up.
The foxfire hits the worm!
The worm is moderately wounded.
The foxfire hits the bullfrog.
You kill the bullfrog!
Vehumet accepts your kill.
MacCMillion's ghost hits you but does no damage.
The river rat completely misses you. MacCMillion's ghost stares at you.
MacCMillion's ghost hits you but does no damage.
The river rat closely misses you.
There is a stone staircase leading up here.
The river rat bites you.
You die...

...###.........#
##⌠### #.
.#..........##. ...
........#....... .>.
........#...##.. ..
............# ....
...........## ...
............###..###
#....(.......#.)...
.........)@......#
.......)))Wr##..##
..........w....#######
...........††.†#≈≈≈≈≈≈
...............'≈≈≈≈(≈
#............#.#≈≈≈≈≈≈
#.####.....###########
.# #.$....)#
###...))......


You could see a worm, MacCMillion's ghost and a river rat.

Vanquished Creatures
  Grinder (D:5)
  A black bear (D:3)
  A kobold brigand (D:4)
  3 bullfrogs (D:6)
  2 scorpions (D:5)
  2 orc priests
  An orc wizard (D:6)
  2 adders
  4 worms
  2 dart slugs
  14 orcs
  6 ball pythons
  5 bats
  11 endoplasms
  3 giant cockroaches
  6 goblins
  4 hobgoblins
  2 jackals (D:5)
  A quokka (D:2)
  3 frilled lizards
  12 kobolds
  9 rats
  A spectral orc (D:3)
96 creatures vanquished.

Vanquished Creatures (collateral kills)
  A foxfire (D:4)
1 creature vanquished.

Vanquished Creatures (others)
  203 foxfires
  A fungus (D:1)
  22 plants
226 creatures vanquished.

Grand Total: 323 creatures vanquished

Notes
Turn   | Place    | Note
-------+----------+-------------------------------------------
     0 | D:1      | BOMJPIETVODKU the Draconian Fire Elementalist began the
                  | quest for the Orb.
     0 | D:1      | Reached XP level 1. HP: 14/14 MP: 3/3
     9 | D:1      | Noticed a minotaur skeleton
   442 | D:1      | Reached XP level 2. HP: 13/20 MP: 0/5
  1021 | D:1      | Reached XP level 3. HP: 23/26 MP: 2/6
  1129 | D:1      | Found a faded altar of an unknown god.
  1958 | D:2      | Reached skill level 4 in Fire Magic
  2350 | D:3      | Reached XP level 4. HP: 33/33 MP: 2/8
  2745 | D:3      | Noticed a black bear
  2799 | D:3      | HP: 1/33 [black bear (2)]
  2800 | D:3      | Killed a black bear
  2801 | D:3      | Reached XP level 5. HP: 1/38 MP: 1/9
  3240 | D:3      | Found a basalt altar of Yredelemnul.
  3551 | D:4      | Found a hazy altar of Hepliaklqana.
  3608 | D:4      | Found an ancient bone altar of Kikubaaqudgha.
  4013 | D:4      | Found a bloodstained altar of Trog.
  4087 | D:4      | Found a staircase to the Ecumenical Temple.
  4100 | Temple   | Entered the Ecumenical Temple
  4775 | D:5      | Entered Level 5 of the Dungeon
  4869 | D:5      | Noticed Grinder
  4884 | D:5      | Paralysed by Grinder for 6 turns
  4910 | D:5      | Killed Grinder
  4911 | D:5      | Reached skill level 5 in Fire Magic
  4911 | D:5      | Reached XP level 6. HP: 10/45 MP: 4/12
  5400 | D:5      | Your scales start taking on a pale cyan-grey colour.
  5400 | D:5      | Reached skill level 6 in Fire Magic
  5400 | D:5      | Reached XP level 7. HP: 46/50 MP: 6/13
  5400 | D:5      | Gained mutation: You are immune to the effects of steam.
                  | [Pale Draconian growth]
  5612 | D:5      | Found a radiant altar of Vehumet.
  5615 | D:5      | Became a worshipper of Vehumet
  5768 | D:6      | Found a shimmering altar of Xom.
  5771 | D:6      | Found a shimmering altar of Xom.
  5771 | D:6      | Found a shimmering altar of Xom.
  5815 | D:6      | Found a shimmering altar of Xom.
  5831 | D:6      | Found a runed translucent door.
  5847 | D:6      | Noticed MacCMillion's ghost (amateur MfIE)
  5912 | D:6      | Reached skill level 7 in Fire Magic
  5985 | D:6      | Reached skill level 5 in Spellcasting
  5992 | D:6      | HP: 2/50 [river rat (3)]
  5995 | D:6      | Slain by a river rat

Illustrated notes

Levels and vault maps discovered:
D:1:      shiori_arrival_whats_in_store_for_you, layout_basic,
          shapermc_ecumenical_altar_acropolis, minmay_box_of_dots
D:2:      layout_loops_corners, kennysheep_generic_room_12
D:3:      layout_loops_corners, yredelemnul_forgotten_temple_becter,
          kennysheep_generic_room_10
D:4:      layout_basic, overflow_temple_1_default,
          mainiacjoe_overflow_tiny_flanked, mainiacjoe_overflow_boulevard,
          minmay_temple_entry_glassed_door, lexackson_kobold_supper
D:5:      layout_cave_pools, kennysheep_mini_moat, serial_column_ruins,
          column_ruins_grid_1, column_ruins_columns_corner,
          column_ruins_open_tiny, uniq_grinder
D:6:      layout_cave_pools, xom_redecorated, mainiacjoe_overflow_alcove_1,
          nemelex_spade_bored_becter, nicolae_sif_muna_little_library,
          portal_sewer_entry_e, ebering_ghost_sewer_f
Temple:   minmay_temple_curvy_loop

Skill      XL: |  1  2  3  4  5  6  7 |
---------------+----------------------+-----
Fire Magic     | 4 5 6 7 |  7.4
Spellcasting   | 3 4 5 |  5.1
Conjurations   | 2 3 |  3.5
Dodging        | |  1.9
Stealth        | |  1.7

Action                   |  1- 3 |  4- 6 |  7- 9 || total
-------------------------+-------+-------+-------++-------
Melee: Dagger            |    66 |    59 |    11 ||   136
       Unarmed           |     2 |       |       ||     2
       Tailslap          |     5 |     6 |     2 ||    13
 Cast: Foxfire           |    28 |    54 |    38 ||   120
  Use: Scroll            |     4 |     4 |     1 ||     9
       Potion            |       |       |     3 ||     3
 Stab: Sleeping          |     6 |     4 |       ||    10
Armor: Skin              |    25 |    33 |    34 ||    92
Dodge: Dodged            |    60 |    62 |    39 ||   161
